General information
- name: BNet
- type: Ladder team game (AT/RT)
- host: Battle.net
- saver: maetymllik
map: Sanctuary_LV
- players: 8
- length: 50:42
- speed: Fast
- version: 1.29 W3XP
- replay type: Public
» download(496 KB)
Players
team 1 (winner)
doublebase (
pink | 30 APM | 1502 actions | 50:42)
8 Demon Hunter
1 Immolation
3 Evasion
3 Mana Burn
1 Metamorphosis
» actions
| Assign group hotkey | 14 | |
| Basic commands | 23 | |
| Build / train | 178 | |
| Enter build submenu | 36 | |
| Enter hero's abilities submenu | 8 | |
| Give item / drop item | 5 | |
| Remove unit from queue | 3 | |
| Right click | 691 | |
| Select / deselect | 414 | |
| Select group hotkey | 13 | |
| Use ability | 117 | |
1502 total
» units
| Wisp | 46 | |
| Archer | 3 | |
| Hippogryph | 72 | |
| Goblin Shredder | 1 | |
| Chimaera | 12 | |
134 total
» upgrades
| Reinforced Hides | 3 | |
| Strength of the Wild | 3 | |
| Well Spring | 1 | |
| Corrosive Breath | 1 | |
| Ultravision | 1 | |
9 total
» buildings
| Altar of Elders | 1 | |
| Moon Well | 12 | |
| Ancient of War | 1 | |
| Ancient of Wonders | 1 | |
| Tree of Ages | 2 | |
| Hunter's Hall | 1 | |
| Tree of Life | 6 | |
| Ancient of Wind | 10 | |
| Tree of Eternity | 1 | |
| Chimaera Roost | 3 | |
38 total
» build order
00:08 Altar of Elders
00:14 Moon Well
01:08 Ancient of War
01:25 Moon Well
02:08 Ancient of Wonders
02:55 Tree of Ages
03:31 Hunter's Hall
03:55 Moon Well
04:42 Tree of Life
05:05 Moon Well
05:24 Ancient of Wind
05:57 Tree of Eternity
07:00 Moon Well
08:27 Chimaera Roost
08:35 Chimaera Roost
08:45 Chimaera Roost
09:00 Moon Well
10:23 Tree of Life
12:17 Moon Well
13:05 Moon Well
14:22 Ancient of Wind
14:25 Ancient of Wind
21:56 Tree of Life
24:17 Tree of Ages
26:39 Moon Well
27:43 Moon Well
28:19 Ancient of Wind
28:22 Ancient of Wind
28:46 Tree of Life
28:53 Tree of Life
28:55 Ancient of Wind
28:58 Ancient of Wind
29:15 Ancient of Wind
29:18 Ancient of Wind
29:26 Ancient of Wind
30:02 Moon Well
30:45 Moon Well
34:18 Tree of Life
» items
| Lesser Clarity Potion | 1 | |
| Scroll of Protection | 1 | |
| Scroll of Town Portal | 9 | |
| Orb of Venom | 1 | |
| Dust of Appearance | 2 | |
| Potion of Healing | 3 | |
| Scroll of Regeneration | 3 | |
20 total

»
Rimi (
red | 56 APM | 2185 actions | 38:51)
4 Blademaster
2 Wind Walk
2 Critical Strike
» actions
| Assign group hotkey | 77 | |
| Basic commands | 5 | |
| Build / train | 45 | |
| ESC pressed | 1 | |
| Enter build submenu | 13 | |
| Enter hero's abilities submenu | 4 | |
| Give item / drop item | 3 | |
| Remove unit from queue | 1 | |
| Right click | 1269 | |
| Select / deselect | 286 | |
| Select group hotkey | 417 | |
| Use ability | 64 | |
2185 total
» units
| Peon | 13 | |
| Wind Rider | 7 | |
| Troll Batrider | 5 | |
25 total
» upgrades
| Pillage | 0 | |
| Ranged Weapons | 1 | |
| Reinforced Defenses | 1 | |
2 total
» buildings
| Altar of Storms | 2 | |
| Orc Burrow | 6 | |
| Stronghold | 2 | |
| Voodoo Lounge | 2 | |
| War Mill | 1 | |
| Beastiary | 2 | |
| Fortress | 2 | |
17 total
» build order
00:07 Altar of Storms
00:20 Orc Burrow
01:49 Stronghold
01:49 Stronghold
01:57 Voodoo Lounge
02:20 War Mill
02:25 Orc Burrow
04:14 Beastiary
04:16 Beastiary
04:34 Orc Burrow
07:29 Orc Burrow
07:50 Fortress
07:50 Fortress
09:59 Orc Burrow
12:52 Orc Burrow
18:18 Voodoo Lounge
20:07 Altar of Storms
» items
| Boots of Speed | 1 | |
| Staff of Teleportation | 1 | |
| Healing Salve | 3 | |
| Lesser Clarity Potion | 1 | |
| Orb of Lightning | 1 | |
7 total
maetymllik (
green | 117 APM | 5923 actions | 50:42)
9 Archmage
3 Summon Water Elemental
3 Brilliance Aura
1 Mass Teleport
2 Blizzard
7 Mountain King
3 Storm Bolt
3 Bash
1 Avatar
7 Goblin Alchemist
2 Healing Spray
2 Chemical Rage
2 Acid Bomb
1 Transmute
» actions
| Assign group hotkey | 95 | |
| Basic commands | 669 | |
| Build / train | 191 | |
| ESC pressed | 5 | |
| Enter build submenu | 62 | |
| Enter hero's abilities submenu | 24 | |
| Give item / drop item | 8 | |
| Right click | 1532 | |
| Select / deselect | 859 | |
| Select group hotkey | 2086 | |
| Use ability | 392 | |
5923 total
» units
| Peasant | 13 | |
| Footman | 6 | |
| Rifleman | 13 | |
| Goblin Shredder | 2 | |
| Priest | 4 | |
| Sorceress | 9 | |
| Spell Breaker | 6 | |
| Goblin Zeppelin | 4 | |
| Goblin Sapper | 6 | |
| Dragonhawk Rider | 3 | |
66 total
» upgrades
| Gunpowder | 3 | |
| Long Rifles | 1 | |
| Armor | 3 | |
| Priest Training | 2 | |
| Sorceress Training | 2 | |
| Masonry | 3 | |
| Control Magic | 1 | |
| Swords | 3 | |
| Storm Hammers | 1 | |
| Cloud | 1 | |
| Animal War Training | 1 | |
| Plating | 3 | |
| Magic Sentry | 1 | |
25 total
» buildings
| Altar of Kings | 1 | |
| Barracks | 1 | |
| Farm | 14 | |
| Blacksmith | 1 | |
| Arcane Vault | 1 | |
| Keep | 2 | |
| Town Hall | 3 | |
| Scout Tower | 32 | |
| Arcane Tower | 6 | |
| Castle | 2 | |
| Arcane Sanctum | 2 | |
| Lumber Mill | 1 | |
| Guard Tower | 26 | |
| Gryphon Aviary | 2 | |
94 total
» build order
00:55 Altar of Kings
00:57 Barracks
01:01 Farm
01:09 Farm
01:20 Farm
02:06 Blacksmith
02:18 Farm
02:39 Arcane Vault
03:56 Keep
03:56 Keep
04:23 Town Hall
04:27 Scout Tower
06:33 Arcane Tower
06:41 Castle
06:42 Castle
06:47 Farm
07:28 Arcane Sanctum
07:31 Arcane Sanctum
07:35 Lumber Mill
10:24 Scout Tower
10:26 Scout Tower
10:27 Scout Tower
10:28 Scout Tower
10:29 Scout Tower
10:55 Guard Tower
10:55 Guard Tower
10:56 Scout Tower
10:58 Scout Tower
11:00 Scout Tower
11:29 Arcane Tower
11:30 Arcane Tower
11:30 Guard Tower
11:31 Guard Tower
11:33 Guard Tower
11:33 Guard Tower
11:35 Farm
13:18 Gryphon Aviary
13:19 Gryphon Aviary
14:13 Farm
14:35 Scout Tower
15:00 Farm
15:01 Scout Tower
15:04 Farm
15:05 Guard Tower
15:06 Guard Tower
15:09 Scout Tower
15:11 Scout Tower
15:12 Scout Tower
15:13 Scout Tower
15:42 Guard Tower
15:42 Guard Tower
15:55 Guard Tower
15:55 Guard Tower
15:57 Scout Tower
16:43 Guard Tower
17:48 Farm
19:03 Scout Tower
19:06 Scout Tower
19:36 Guard Tower
19:36 Guard Tower
19:50 Farm
19:53 Farm
19:54 Farm
28:17 Town Hall
28:19 Scout Tower
28:20 Scout Tower
28:22 Scout Tower
28:24 Scout Tower
28:32 Scout Tower
28:33 Scout Tower
28:35 Scout Tower
28:54 Arcane Tower
28:54 Guard Tower
28:54 Guard Tower
30:57 Guard Tower
30:57 Guard Tower
37:11 Town Hall
37:15 Scout Tower
37:16 Scout Tower
37:20 Scout Tower
37:20 Scout Tower
37:42 Scout Tower
37:43 Scout Tower
37:44 Scout Tower
37:48 Guard Tower
37:49 Guard Tower
37:50 Arcane Tower
37:51 Arcane Tower
37:58 Guard Tower
37:58 Guard Tower
38:20 Guard Tower
38:23 Guard Tower
38:23 Guard Tower
49:35 Farm
» items
| Scroll of Regeneration | 4 | |
| Mechanical Critter | 5 | |
| Boots of Speed | 2 | |
| Periapt of Vitality | 4 | |
| Staff of Sanctuary | 1 | |
| Orb of Lightning | 1 | |
| Orb of Venom | 1 | |
| Potion of Lesser Invulnerability | 1 | |
| Scroll of Protection | 2 | |
| Staff of Teleportation | 3 | |
24 total

»
hvymetal (
purple | 48 APM | 2422 actions | 50:42)
7 Tauren Chieftain
3 War Stomp
3 Endurance Aura
1 Reincarnation
6 Shadow Hunter
3 Healing Wave
2 Hex
1 Big Bad Voodoo
» actions
| Assign group hotkey | 48 | |
| Basic commands | 378 | |
| Build / train | 90 | |
| Enter build submenu | 32 | |
| Enter hero's abilities submenu | 14 | |
| Give item / drop item | 4 | |
| Remove unit from queue | 5 | |
| Right click | 384 | |
| Select / deselect | 294 | |
| Select group hotkey | 1082 | |
| Use ability | 91 | |
2422 total
» units
| Peon | 10 | |
| Grunt | 6 | |
| Assassin | 2 | |
| Forest Troll High Priest | 2 | |
| Shaman | 4 | |
| Tauren | 6 | |
| Kobold Geomancer | 1 | |
| Raider | 2 | |
| Demolisher | 2 | |
| Troll Batrider | 11 | |
| Troll Headhunter/Berserker | 4 | |
50 total
» upgrades
| Melee Weapons | 1 | |
| Armor | 1 | |
| Shaman Training | 2 | |
| Pulverize | 1 | |
| Reinforced Defenses | 1 | |
| Ensnare | 1 | |
| Pillage | 1 | |
| Burning Oil | 1 | |
| Ranged Weapons | 1 | |
| Liquid Fire | 1 | |
| Berserker Upgrade | 1 | |
12 total
» buildings
| Orc Burrow | 10 | |
| Barracks | 1 | |
| Altar of Storms | 1 | |
| Voodoo Lounge | 1 | |
| War Mill | 2 | |
| Stronghold | 1 | |
| Fortress | 1 | |
| Spirit Lodge | 2 | |
| Tauren Totem | 1 | |
| Watch Tower | 13 | |
| Great Hall | 3 | |
| Beastiary | 1 | |
37 total
» build order
00:14 Orc Burrow
00:26 Barracks
01:02 Altar of Storms
01:50 Orc Burrow
02:16 Voodoo Lounge
03:30 Orc Burrow
04:02 War Mill
05:03 Stronghold
05:11 Orc Burrow
07:41 Fortress
08:14 Spirit Lodge
09:39 Spirit Lodge
10:08 Tauren Totem
10:58 Orc Burrow
11:02 Orc Burrow
11:43 Watch Tower
13:38 Great Hall
14:53 Watch Tower
17:34 Watch Tower
17:54 Beastiary
19:40 Watch Tower
20:47 Watch Tower
21:44 War Mill
22:05 Watch Tower
22:08 Watch Tower
23:36 Watch Tower
23:37 Watch Tower
25:53 Watch Tower
25:58 Watch Tower
26:00 Watch Tower
26:00 Watch Tower
26:06 Orc Burrow
26:07 Orc Burrow
27:03 Orc Burrow
27:57 Orc Burrow
30:35 Great Hall
35:38 Great Hall
» items
| Healing Salve | 3 | |
| Lesser Clarity Potion | 1 | |
| Orb of Lightning | 1 | |
| Scroll of Town Portal | 1 | |
6 total
team 2 (loser)

»
letsallagreeman (
yellow | 58 APM | 1871 actions | 32:01)
5 Archmage
3 Summon Water Elemental
2 Brilliance Aura
4 Paladin
2 Holy Light
1 Divine Shield
1 Devotion Aura
2 Mountain King
1 Storm Bolt
1 Bash
» actions
| Assign group hotkey | 33 | |
| Basic commands | 16 | |
| Build / train | 126 | |
| Enter build submenu | 48 | |
| Enter hero's abilities submenu | 11 | |
| Give item / drop item | 1 | |
| Remove unit from queue | 1 | |
| Right click | 640 | |
| Select / deselect | 489 | |
| Select group hotkey | 332 | |
| Use ability | 174 | |
1871 total
» units
| Peasant | 24 | |
| Footman | 6 | |
| Goblin Shredder | 1 | |
| Rifleman | 4 | |
| Dragonhawk Rider | 5 | |
| Flying Machine | 12 | |
| Gryphon Rider | 4 | |
| Mortar Team | 1 | |
| Tauren | 4 | |
| Troll Witch Doctor | 1 | |
| Shaman | 1 | |
| Spirit Walker | 4 | |
67 total
» upgrades
| Gunpowder | 1 | |
| Armor | 4 | |
| Masonry | 2 | |
| Swords | 2 | |
| Plating | 1 | |
| Flying Machine Bombs | 1 | |
| Flak Cannons | 1 | |
| Cloud | 1 | |
| Storm Hammers | 1 | |
| Animal War Training | 1 | |
| Spirit Walker Training | 1 | |
| Reinforced Defenses | 1 | |
17 total
» buildings
| Altar of Kings | 3 | |
| Farm | 17 | |
| Barracks | 1 | |
| Scout Tower | 21 | |
| Lumber Mill | 2 | |
| Arcane Tower | 2 | |
| Arcane Vault | 1 | |
| Town Hall | 5 | |
| Keep | 2 | |
| Blacksmith | 1 | |
| Guard Tower | 7 | |
| Gryphon Aviary | 3 | |
| Castle | 1 | |
| Workshop | 2 | |
| Orc Burrow | 3 | |
71 total
» build order
00:16 Altar of Kings
00:20 Farm
00:33 Barracks
01:10 Farm
02:04 Farm
02:11 Scout Tower
02:39 Lumber Mill
02:44 Arcane Tower
02:45 Arcane Tower
02:59 Farm
03:55 Arcane Vault
04:02 Town Hall
04:07 Town Hall
05:41 Keep
06:03 Blacksmith
06:12 Farm
06:32 Scout Tower
06:32 Scout Tower
06:33 Scout Tower
06:41 Scout Tower
06:45 Scout Tower
07:06 Guard Tower
07:06 Guard Tower
07:15 Guard Tower
07:17 Guard Tower
07:24 Farm
07:50 Scout Tower
08:06 Gryphon Aviary
08:07 Gryphon Aviary
08:11 Gryphon Aviary
09:46 Castle
09:55 Guard Tower
10:01 Farm
10:04 Farm
10:07 Farm
10:08 Farm
10:08 Farm
10:45 Workshop
11:21 Workshop
11:35 Farm
12:23 Farm
17:23 Farm
18:44 Scout Tower
18:44 Scout Tower
18:47 Scout Tower
19:35 Farm
20:33 Farm
25:05 Town Hall
25:09 Altar of Kings
25:59 Altar of Kings
26:18 Town Hall
27:18 Farm
27:21 Town Hall
28:18 Scout Tower
28:51 Lumber Mill
29:17 Scout Tower
29:18 Scout Tower
29:18 Scout Tower
29:22 Keep
29:56 Orc Burrow
29:56 Orc Burrow
29:59 Guard Tower
30:01 Scout Tower
30:02 Scout Tower
30:02 Scout Tower
30:02 Scout Tower
30:29 Scout Tower
30:30 Scout Tower
30:30 Scout Tower
30:32 Guard Tower
31:18 Orc Burrow
» items
| Healing Salve | 1 | |
| Scroll of Regeneration | 3 | |
| Mechanical Critter | 2 | |
| Staff of Sanctuary | 1 | |
| Orb of Fire | 1 | |
| Scroll of Town Portal | 5 | |
| Potion of Lesser Invulnerability | 1 | |
14 total

»
blade[eS] (
teal | 84 APM | 2959 actions | 35:05)
7 Blademaster
3 Wind Walk
2 Critical Strike
1 Bladestorm
1 Mirror Image
» actions
| Assign group hotkey | 57 | |
| Build / train | 134 | |
| ESC pressed | 2 | |
| Enter build submenu | 44 | |
| Enter hero's abilities submenu | 7 | |
| Give item / drop item | 10 | |
| Remove unit from queue | 7 | |
| Right click | 1170 | |
| Select / deselect | 324 | |
| Select group hotkey | 1005 | |
| Use ability | 197 | |
2959 total
» units
| Peon | 19 | |
| Grunt | 3 | |
| Troll Batrider | 31 | |
| Goblin Shredder | 2 | |
| Goblin Zeppelin | 1 | |
| Wind Rider | 18 | |
| Tauren | 3 | |
| Shaman | 2 | |
79 total
» upgrades
| Liquid Fire | 1 | |
| Reinforced Defenses | 1 | |
| Ranged Weapons | 1 | |
| Envenomed Spears | 1 | |
| Shaman Training | 2 | |
6 total
» buildings
| Altar of Storms | 2 | |
| Orc Burrow | 11 | |
| Barracks | 1 | |
| War Mill | 1 | |
| Voodoo Lounge | 2 | |
| Great Hall | 1 | |
| Watch Tower | 20 | |
| Stronghold | 1 | |
| Beastiary | 3 | |
| Fortress | 1 | |
| Spirit Lodge | 3 | |
| Tauren Totem | 1 | |
47 total
» build order
00:22 Altar of Storms
00:24 Altar of Storms
00:36 Orc Burrow
01:25 Barracks
02:08 War Mill
02:37 Orc Burrow
02:52 Orc Burrow
03:01 Orc Burrow
03:08 Orc Burrow
03:27 Voodoo Lounge
03:30 Voodoo Lounge
05:35 Great Hall
05:37 Watch Tower
05:38 Watch Tower
05:55 Watch Tower
06:30 Watch Tower
06:48 Stronghold
07:08 Watch Tower
07:09 Watch Tower
07:13 Watch Tower
09:14 Beastiary
09:16 Beastiary
13:24 Fortress
14:53 Watch Tower
14:55 Watch Tower
15:08 Orc Burrow
15:09 Orc Burrow
15:10 Orc Burrow
16:52 Watch Tower
16:53 Watch Tower
16:53 Watch Tower
16:54 Watch Tower
16:55 Watch Tower
20:36 Beastiary
24:15 Watch Tower
24:16 Watch Tower
24:17 Watch Tower
25:39 Watch Tower
25:40 Watch Tower
25:42 Watch Tower
28:37 Spirit Lodge
28:38 Tauren Totem
28:40 Spirit Lodge
28:45 Spirit Lodge
30:40 Orc Burrow
33:32 Orc Burrow
33:33 Orc Burrow
» items
| Lesser Clarity Potion | 11 | |
| Healing Salve | 8 | |
| Boots of Speed | 1 | |
| Circlet of Nobility | 1 | |
| Potion of Lesser Invulnerability | 1 | |
| Orb of Lightning | 1 | |
| Tiny Great Hall | 2 | |
| Potion of Healing | 2 | |
| Potion of Mana | 2 | |
| Scroll of Town Portal | 1 | |
30 total
RMCrew (
orange | 105 APM | 5343 actions | 50:42)
9 Mountain King
3 Storm Bolt
2 Bash
3 Thunder Clap
1 Avatar
8 Paladin
3 Holy Light
2 Divine Shield
3 Devotion Aura
» actions
| Assign group hotkey | 72 | |
| Basic commands | 59 | |
| Build / train | 124 | |
| Enter build submenu | 59 | |
| Enter hero's abilities submenu | 17 | |
| Give item / drop item | 6 | |
| Remove unit from queue | 1 | |
| Right click | 1841 | |
| Select / deselect | 525 | |
| Select group hotkey | 2340 | |
| Use ability | 299 | |
5343 total
» units
| Peasant | 15 | |
| Footman | 4 | |
| Goblin Shredder | 1 | |
| Dragonhawk Rider | 17 | |
| Goblin Zeppelin | 3 | |
| Gryphon Rider | 6 | |
| Goblin Sapper | 7 | |
53 total
» upgrades
| Masonry | 3 | |
| Swords | 3 | |
| Armor | 3 | |
| Cloud | 1 | |
| Animal War Training | 1 | |
| Storm Hammers | 1 | |
12 total
» buildings
| Altar of Kings | 1 | |
| Farm | 13 | |
| Barracks | 1 | |
| Scout Tower | 25 | |
| Arcane Tower | 3 | |
| Arcane Vault | 1 | |
| Town Hall | 5 | |
| Keep | 1 | |
| Lumber Mill | 1 | |
| Guard Tower | 7 | |
| Gryphon Aviary | 3 | |
| Castle | 1 | |
| Blacksmith | 2 | |
64 total
» build order
00:53 Altar of Kings
01:01 Farm
01:03 Farm
01:16 Barracks
01:47 Scout Tower
02:16 Arcane Tower
02:33 Farm
03:56 Arcane Vault
04:45 Farm
04:49 Farm
04:51 Farm
04:57 Town Hall
04:59 Keep
05:55 Lumber Mill
06:18 Scout Tower
06:37 Arcane Tower
07:15 Scout Tower
07:17 Scout Tower
08:25 Guard Tower
08:28 Gryphon Aviary
08:28 Gryphon Aviary
08:29 Gryphon Aviary
08:32 Scout Tower
08:35 Scout Tower
08:38 Scout Tower
09:11 Guard Tower
09:23 Farm
09:23 Farm
09:23 Farm
10:00 Guard Tower
10:03 Castle
10:06 Blacksmith
12:14 Blacksmith
13:01 Farm
13:02 Farm
13:02 Farm
13:02 Farm
26:33 Town Hall
26:38 Scout Tower
26:38 Scout Tower
26:39 Scout Tower
26:40 Scout Tower
26:42 Scout Tower
28:38 Guard Tower
28:40 Arcane Tower
33:43 Town Hall
34:09 Scout Tower
34:09 Scout Tower
34:10 Scout Tower
34:11 Scout Tower
34:41 Guard Tower
34:43 Guard Tower
34:48 Town Hall
34:51 Scout Tower
34:52 Scout Tower
34:52 Scout Tower
34:53 Scout Tower
38:40 Scout Tower
38:41 Scout Tower
38:44 Scout Tower
38:46 Town Hall
38:48 Scout Tower
38:49 Scout Tower
39:40 Guard Tower
» items
| Scroll of Regeneration | 6 | |
| Mechanical Critter | 1 | |
| Scroll of Town Portal | 6 | |
| Periapt of Vitality | 1 | |
| Potion of Lesser Invulnerability | 1 | |
| Boots of Speed | 2 | |
| Scroll of Protection | 1 | |
| Scroll of Healing | 1 | |
| Staff of Teleportation | 1 | |
| Staff of Sanctuary | 2 | |
| Potion of Healing | 1 | |
| Potion of Mana | 3 | |
| Lesser Clarity Potion | 1 | |
27 total
KingOfAnal (
blue | 102 APM | 2377 actions | 23:21)
4 Far Seer
2 Feral Spirit
2 Chain Lighting
» actions
| Assign group hotkey | 188 | |
| Basic commands | 309 | |
| Build / train | 108 | |
| ESC pressed | 4 | |
| Enter build submenu | 56 | |
| Enter hero's abilities submenu | 4 | |
| Give item / drop item | 3 | |
| Remove unit from queue | 1 | |
| Right click | 476 | |
| Select / deselect | 637 | |
| Select group hotkey | 406 | |
| Use ability | 185 | |
2377 total
» units
| Peon | 39 | |
| Grunt | 8 | |
| Troll Witch Doctor | 7 | |
| Shaman | 6 | |
| Tauren | 5 | |
65 total
» upgrades
| Berserker Strength | 1 | |
| Witch Doctor Training | 2 | |
| Spiked Barricades | 2 | |
| Shaman Training | 2 | |
| Armor | 2 | |
| Pulverize | 1 | |
| Melee Weapons | 1 | |
11 total
» buildings
| Altar of Storms | 1 | |
| Orc Burrow | 8 | |
| Barracks | 1 | |
| Voodoo Lounge | 2 | |
| War Mill | 1 | |
| Great Hall | 2 | |
| Stronghold | 1 | |
| Watch Tower | 26 | |
| Spirit Lodge | 2 | |
| Fortress | 1 | |
| Beastiary | 1 | |
| Tauren Totem | 2 | |
48 total
» build order
00:12 Altar of Storms
00:14 Orc Burrow
00:50 Barracks
01:33 Orc Burrow
02:03 Voodoo Lounge
02:48 War Mill
03:19 Orc Burrow
03:21 Orc Burrow
04:42 Great Hall
04:54 Orc Burrow
05:45 Stronghold
06:15 Watch Tower
06:21 Watch Tower
06:46 Watch Tower
07:41 Watch Tower
07:41 Watch Tower
07:42 Watch Tower
07:50 Watch Tower
07:56 Watch Tower
08:09 Watch Tower
08:30 Watch Tower
08:41 Watch Tower
08:47 Spirit Lodge
09:20 Watch Tower
09:22 Watch Tower
09:54 Watch Tower
10:22 Watch Tower
10:35 Watch Tower
10:47 Watch Tower
11:10 Orc Burrow
11:17 Watch Tower
11:46 Great Hall
11:48 Watch Tower
12:05 Spirit Lodge
12:20 Voodoo Lounge
12:49 Fortress
12:53 Beastiary
13:20 Orc Burrow
15:22 Tauren Totem
15:22 Tauren Totem
18:47 Orc Burrow
20:06 Watch Tower
20:06 Watch Tower
20:06 Watch Tower
20:06 Watch Tower
21:19 Watch Tower
21:20 Watch Tower
21:21 Watch Tower
» items
| Healing Salve | 2 | |
| Scroll of Speed | 4 | |
| Lesser Clarity Potion | 6 | |
| Potion of Mana | 4 | |
| Potion of Healing | 2 | |
| Scroll of Regeneration | 3 | |
| Orb of Lightning | 1 | |
| Scroll of Town Portal | 2 | |
24 total
Chat log
(00:46 / Allies) hvymetal: hero/units red?
(01:23 / Allies) Rimi: air like a noob
(01:34 / Allies) hvymetal: tauren lust then
(02:00 / Allies) doublebase: i might go chims
(02:02 / Allies) doublebase: naked hipps
(03:15 / All) blade[eS]: wow red
(03:17 / All) blade[eS]: nice!!
(11:04 / All) RMCrew: hacker?
(12:33 / Allies) Rimi: wait
(12:53 / Allies) doublebase: need green
(13:04 / Allies) maetymllik: hit top
(13:12 / Allies) Rimi: kill orb
(13:13 / Allies) Rimi: burrows
(13:14 / Allies) Rimi: withc hims
(13:15 / Allies) Rimi: why top
(13:17 / Allies) Rimi: ez
(13:41 / All) blade[eS]: rofl
(13:52 / All) blade[eS]: thanks for the two levels
(13:59 / All) maetymllik: you need them
(14:02 / All) maetymllik: with how you play
(14:08 / All) blade[eS]: yeah?
(14:10 / All) maetymllik: yeah
(14:17 / All) blade[eS]: red could use them
(14:22 / All) blade[eS]: with his lvl 3 bm
(15:00 / Allies) doublebase: back red
(15:44 / Allies) doublebase: main base
(15:44 / Allies) doublebase: or tp
(17:29 / Allies) doublebase: save red
(18:51 / Allies) doublebase: tp
(18:52 / Allies) doublebase: or what
(18:54 / Allies) doublebase: i can get there
(18:57 / Allies) doublebase: but need hlp
(19:03 / Allies) hvymetal: going
(20:05 / Allies) Rimi: these 4v4's are just massive air battles, lol
(20:42 / Allies) doublebase: hit top guys
(22:52 / Allies) doublebase: hlp
(22:53 / Allies) doublebase: me
(23:15 / Allies) doublebase: help./
(23:20 / All) KingOfAnal: gg
(23:54 / Allies) doublebase: nobody/
(24:02 / Allies) hvymetal: sry no tp
(31:20 / All) maetymllik: raped
(31:26 / All) maetymllik: that's why you need hero levels son
(32:33 / All) doublebase: lol
(35:23 / Allies) doublebase: damn
(35:33 / Allies) Rimi: u had a tp
(35:36 / Allies) doublebase: i know
(35:36 / Allies) maetymllik: noob
(35:39 / Allies) doublebase: he froze me
(35:46 / Allies) doublebase: 400 gold pelase
(35:46 / All) RMCrew: he said "useless and rage quit" right as I was comign to him
(35:58 / Allies) doublebase: godl for hero
(36:08 / All) RMCrew: this map needs cool chop
(36:09 / Allies) doublebase: word
(36:18 / All) RMCrew: Shop;
(36:19 / All) Rimi: you tried your best
(36:21 / All) Rimi: u can leave now
(36:22 / All) Rimi: 1v3
(36:24 / All) RMCrew: lol
(36:29 / All) maetymllik: red talking shit?
(36:32 / All) maetymllik: what player even is he
(36:33 / All) RMCrew: boy are you in for a surprise!
(36:35 / All) maetymllik: has no units on the map
(36:40 / All) maetymllik: dunno who this dick riding bitch is
(36:52 / All) maetymllik: red why are you a dick riding bitch piggybacking on your allies victory?
(37:08 / All) maetymllik: what's up with that red?
(37:10 / Allies) doublebase: green help him
(37:10 / All) Rimi: forget your tampons today?
(37:29 / All) maetymllik: Red has nothing on the map and talking shit LOL
(37:35 / All) Rimi: how am i talking shit
(37:38 / All) Rimi: i said he did a good job
(37:38 / All) maetymllik: oj would you agree he was the worst player on my team?
(37:54 / All) Rimi: get off your high horse
(38:01 / All) maetymllik: then stop dick riding baby
(38:07 / All) Rimi: how am i dick riding>
(38:10 / All) Rimi: did i ever say your are the best?
(38:16 / All) maetymllik: look below you, you're riding a cock
(38:21 / All) maetymllik: thats how
(38:55 / All) maetymllik: lol
(38:57 / All) doublebase: aw
(39:01 / All) doublebase: he prob crying now
(39:19 / All) maetymllik: AFK letting my team leave, noobs full of themselves
(39:24 / All) maetymllik: they can lose
(39:38 / Allies) hvymetal: where are you green
(40:18 / Allies) doublebase: now i'm really fucked
(41:51 / Allies) hvymetal: green wtf
(41:55 / All) RMCrew: my divine and
(41:57 / All) RMCrew: avatar didn't go thru
(42:00 / Allies) doublebase: he kileld me too
(42:01 / Allies) maetymllik: wtf purp?
(42:09 / Allies) maetymllik: what's wrong with you
(42:12 / Allies) maetymllik: why are you doing this to me asshole
(42:22 / Allies) hvymetal: what did i do
(42:30 / Allies) maetymllik: dude just admit to what you did
(42:36 / Allies) maetymllik: rather than deny it
(42:39 / Allies) maetymllik: and maybe I let you win
(42:41 / Allies) doublebase: he's angry chinese kid purple
(42:43 / Allies) hvymetal: what a fucking loser
(42:53 / Allies) maetymllik: stop being in denial and I might let you win
(43:07 / Allies) doublebase: they love the power on these games
(43:09 / Allies) maetymllik: Admit to your sins
(43:10 / Allies) doublebase: its all they have
(43:23 / Allies) maetymllik: or you lose
(43:31 / All) RMCrew: gotta piss
(43:32 / Allies) doublebase: we've already lost
(43:36 / Allies) doublebase: you ain't beating oj
(43:40 / Allies) doublebase: he's got more mines
(43:40 / Allies) maetymllik: because of jackasses like you pink
(43:42 / Allies) maetymllik: you ruin WC3
(43:45 / Allies) doublebase: and you killed all your allies
(43:47 / Allies) maetymllik: I'm reporting you to blizzard for harassment
(43:53 / Allies) doublebase: are you jaguar?
(43:58 / Allies) doublebase: or u_follow?
(44:01 / Allies) maetymllik: I'm reporting you
(44:06 / Allies) maetymllik: I'm not either of those players noob
(44:06 / Allies) doublebase: it doesn't work
(44:10 / Allies) doublebase: good one
(44:11 / Allies) maetymllik: if you have that many enemies it's no wonder why
(44:27 / Allies) doublebase: u_follow? yes enemy
(45:12 / All) maetymllik: gg assholes on my team
(45:18 / All) RMCrew: Intense. The life of a repo man is always intense!
(45:27 / All) RMCrew: It's tough work repossessing wins
(47:05 / All) RMCrew: Tons of expos this map but they don't seem to be worth all that much
(47:22 / All) maetymllik: I love this map
(47:27 / All) maetymllik: my new fav in the pool I think
(47:47 / All) RMCrew: It'll take a while for me to get used to it
(47:52 / All) RMCrew: learn best way to creep etc
(47:54 / All) maetymllik: this, twilight ruins, market square, are my fav 3
(48:04 / All) maetymllik: deadlock I need to play more on but might be one of my favs now too cuz of the items on it
(48:09 / All) maetymllik: yeah
(48:15 / All) maetymllik: I had no idea what I needed to creep shredder this game
(48:21 / All) maetymllik: ended up struggling not to get raped by creeps
(48:23 / All) RMCrew: I had a great routine on all the maps then they change them all up on me
(48:24 / All) maetymllik: poison dmg sucks as hu
(48:33 / All) maetymllik: same
(48:34 / All) RMCrew: Fucking faggot red creep jacked me
(48:40 / All) RMCrew: do they have a new mh out
(48:48 / All) maetymllik: probably, the guy who makes it charges 50 bux for it
(48:55 / All) maetymllik: so he's probably right on updating it for $$$$
(49:10 / All) maetymllik: I wonder how much money he made from it lol
(49:15 / All) maetymllik: anyone who pays that for mh is a big time sucker
(49:20 / All) RMCrew: yeah
(49:35 / All) RMCrew: He made at least a few thousand
(49:39 / All) RMCrew: provided it didn't get pirated
(49:56 / All) maetymllik: probably too niche to get uploaded for pirate anywhere
(50:03 / All) maetymllik: especially latest versions
(50:11 / All) RMCrew: could make a request
(50:13 / All) maetymllik: pink and purp, anything to say for yourselves jerkoffs?
(50:34 / All) maetymllik: guess not
(50:40 / All) maetymllik: CONSIDER THIS WIN REPOSSESSED, SUCKERS!